 Dungeon Crawl Stone Soup version 0.18.1-48-g4cf74bf (webtiles) character file.

7495 Wotyn the Basher (level 10, -7/90 HPs)
             Began as a Minotaur Fighter on July 2, 2016.
             Was a Priest of the Shining One.
             Mangled by a cyclops (24 damage)
             ... on level 11 of the Dungeon.
             The game lasted 00:47:23 (8652 turns).

Wotyn the Basher (Minotaur Fighter)                 Turns: 8652, Time: 00:47:24

Health: -7/90      AC: 16    Str: 22    XL:     10   Next: 95%
Magic:  9/9        EV:  8    Int:  5    God:    the Shining One [***...]
Gold:   677        SH:  0    Dex: 12    Spells: 0 memorised, 9 levels left

rFire  . . .     SeeInvis .     w - +5 great mace of Exquisite Torment {elec, rElec}
rCold  . . .     Gourm    .     u - +0 plate armour
rNeg   + . .     Faith    .     (shield currently unavailable)
rPois  .         Spirit   .     (helmet restricted)
rElec  +         Dismiss  .     (no cloak)
rCorr  .         Reflect  .     (no gloves)
SustAt .         Harm     .     b - +0 pair of boots
MR     +....                    (no amulet)
Stlth  ..........               (no ring)
                                r - ring of protection from magic

@: glowing, somewhat resistant to hostile enchantments, extremely unstealthy
A: retaliatory headbutt, horns 2
a: Divine Shield, Renounce Religion


You were on level 11 of the Dungeon.
You worshipped the Shining One.
The Shining One was most pleased with you.
You were hungry.

You visited 2 branches of the dungeon, and saw 12 of its levels.

You collected 677 gold pieces.

Inventory:

Hand Weapons
 a - a +0 flail
 e - a +1 lajatang of electrocution
 w - the +5 great mace of Exquisite Torment (weapon) {elec, rElec}
   (You acquired it on level 10 of the Dungeon)

   Occasionally, upon striking a foe, it will discharge some electrical energy
   and cause terrible harm.
   It insulates you from electricity.
Armour
 b - a +0 pair of boots (worn)
 c - a +0 shield
 k - a +1 buckler of reflection
 u - a +0 plate armour (worn)
Jewellery
 r - a ring of protection from magic (left hand)
Wands
 n - a wand of acid (0/15)
 s - a wand of slowing (17/48)
 x - a wand of slowing (16/48)
 y - a wand of flame (15/48)
 z - a wand of iceblast (6/15)
Scrolls
 g - 7 scrolls of teleportation
 o - 4 scrolls of identify
 p - 4 scrolls of remove curse
 t - 4 scrolls of immolation
 A - a scroll of silence {unknown}
Potions
 l - 3 potions of curing
Books
 d - a book of Debilitation

   Spells                             Type                      Level
   a - Corona                         Hexes                        1
   b - Slow                           Hexes                        2
   c - Gell's Gravitas                Hexes/Translocation          3
   d - Inner Flame                    Hexes/Fire                   3
   e - Cause Fear                     Hexes                        4
   f - Leda's Liquefaction            Hexes/Earth                  4
Comestibles
 f - 4 bread rations
 h - a meat ration
 i - 7 beef jerkies
 q - 2 slices of pizza


   Skills:
 + Level 8.8 Fighting
 * Level 13.4 Maces & Flails
 + Level 0.2(8.8) Staves
 * Level 11.8 Armour
 + Level 3.4 Dodging
 - Level 4.2 Shields
 + Level 0.5 Evocations


You had 9 spell levels left.
You didn't know any spells.

Dungeon Overview and Level Annotations

Branches:
Dungeon (11/15)            Temple (1/1) D:5            Lair (0/8) D:8
    Orc: D:9-12

Altars:
Ashenzari
Cheibriados
Dithmenos
Elyvilon
Fedhas
Gozag
Kikubaaqudgha
Makhleb
Nemelex Xobeh
Okawaru
Pakellas
Qazlal
Ru
Sif Muna
Trog
Vehumet
Xom
Yredelemnul
Zin
The Shining One

Shops:
D:10 *


Innate Abilities, Weirdness & Mutations

You reflexively headbutt those who attack you in melee.
You have a pair of horns on your head.


Message History

You assume a fearsome visage.
The cyclops looks frightened!
Really attack the helpless cyclops?
This attack would place you under penance! [Y]es or [N]o only, please.
Really attack the helpless cyclops?
This attack would place you under penance!
Okay, then.
You start resting.
As you open the door, it creaks loudly!
There is an open door here.
Evoke which item? (* to show all) (? for menu, Esc to quit)
Zapping:
s - a wand of slowing (will waste charges)
Press: ? - help, Shift-Dir - straight line, f - cyclops
Aim: a cyclops (lightly wounded, haloed, chance to defeat MR: 36%)
The cyclops seems to slow down.
Evoking this partially-identified wand wasted a few charges.
You hit the cyclops. You headbutt the cyclops!
The cyclops is heavily wounded.
You sock the cyclops! You headbutt the cyclops!
The cyclops is almost dead.
The cyclops hits you!!
You die...

...### ###+###.......
......C......
##########............
#........#............
#........#............
#........#............
..####'###'#...(........
........C@...((..(....##
.#########.......###+##
#.......#.......#
#...)...#.......#
#..<....#......)#
.####.......#.......#
............#.......#####
.......)....##...........
.............#...........


You could see a cyclops.

Vanquished Creatures
  The ghost of Aelig the Transmogrifier, a novice DgTm (D:8)
  An ugly thing (D:11)
  A two-headed ogre (D:10)
  2 wyverns (D:10)
  A human (D:7)
  8 yaks
  2 hippogriffs
  A water moccasin (D:9)
  Duvessa (D:7)
  2 ice beasts
  2 orc warriors
  2 sky beasts
  A black bear (D:10)
  The ghost of Rationalist the Covered, an amateur MiFi (D:3)
  A phantom (D:7)
  An ogre (D:7)
  7 centaurs
  A big kobold (D:7)
  3 giant frogs
  A scorpion (D:5)
  Dowan (D:7)
  22 killer bees
  2 howler monkeys
  6 crimson imps
  A centaur zombie (D:10)
  A giant frog zombie (D:8)
  A quasit (D:10)
  8 hounds
  A jelly (D:10)
  A centaur skeleton (D:6)
  7 orc wizards
  3 orc priests
  2 giant frog skeletons
  An iguana (D:5)
  Ijyb (D:3)
  5 worker ants
  3 sheep (D:7)
  A howler monkey zombie (D:7)
  2 worker ant zombies
  4 gnolls (D:7)
  5 adders
  A howler monkey skeleton (D:9)
  A river rat (D:8)
  4 shadow imps
  A white imp (D:9)
  2 oozes
  2 adder skeletons
  A worm (D:2)
  2 dart slugs
  5 giant geckos
  34 orcs
  2 ball pythons
  6 giant cockroaches
  2 goblins (D:1)
  14 hobgoblins
  8 jackals
  17 kobolds
  6 quokkas
  A ball python skeleton (D:4)
  16 bats
  A giant newt (D:2)
  A quokka skeleton (D:5)
  16 rats
261 creatures vanquished.

Vanquished Creatures (others)
  A swamp drake (D:9)
  A fungus (D:8)
2 creatures vanquished.

Grand Total: 263 creatures vanquished

Notes
Turn   | Place    | Note
--------------------------------------------------------------
     0 | D:1      | Wotyn the Minotaur Fighter began the quest for the Orb.
     0 | D:1      | Reached XP level 1. HP: 19/19 MP: 0/0
    80 | D:1      | Reached XP level 2. HP: 24/27 MP: 1/1
   437 | D:1      | Reached XP level 3. HP: 33/33 MP: 2/2
   532 | D:1      | Reached skill level 3 in Maces & Flails
  1010 | D:2      | Reached skill level 1 in Dodging
  1087 | D:2      | Reached XP level 4. HP: 40/40 MP: 3/3
  1502 | D:3      | Noticed Ijyb
  1511 | D:3      | Killed Ijyb
  1511 | D:3      | Reached skill level 4 in Maces & Flails
  1544 | D:3      | Found a stormy altar of Qazlal.
  1684 | D:3      | Noticed Rationalist's ghost (amateur MiFi)
  1965 | D:3      | Killed Rationalist's ghost
  1965 | D:3      | Reached XP level 5. HP: 29/46 MP: 4/4
  1967 | D:3      | Gained mutation: You are occasionally teleported next to monsters. [potion of mutation]
  1967 | D:3      | Gained mutation: You possess an exceptional clarity of mind. [potion of mutation]
  1967 | D:3      | Lost mutation: You possess an exceptional clarity of mind. [potion of mutation]
  1969 | D:3      | Lost mutation: You are occasionally teleported next to monsters. [potion of cure mutation]
  2141 | D:3      | Reached skill level 5 in Maces & Flails
  2202 | D:3      | Reached XP level 6. HP: 53/53 MP: 5/5
  2502 | D:4      | Noticed an ice beast
  2518 | D:4      | Killed an ice beast
  2518 | D:4      | Reached skill level 5 in Armour
  2650 | D:4      | Reached skill level 6 in Maces & Flails
  2777 | D:4      | Reached XP level 7. HP: 59/60 MP: 6/6
  2880 | D:5      | Entered Level 5 of the Dungeon
  2923 | D:5      | Found a sacrificial altar of Ru.
  3151 | D:5      | Found a staircase to the Ecumenical Temple.
  3169 | Temple   | Entered the Ecumenical Temple
  3495 | Temple   | Became a worshipper of the Shining One
  3548 | D:5      | Reached skill level 5 in Fighting
  3612 | D:5      | Found an iron altar of Okawaru.
  3624 | D:5      | Reached skill level 7 in Maces & Flails
  3691 | D:5      | Found a blossoming altar of Fedhas.
  3841 | D:6      | Found a glowing silver altar of Zin.
  3841 | D:6      | Found a burning altar of Makhleb.
  3847 | D:6      | Found a shimmering altar of Xom.
  3847 | D:6      | Found a basalt altar of Yredelemnul.
  4145 | D:7      | Reached * piety under the Shining One
  4171 | D:7      | Reached XP level 8. HP: 51/68 MP: 7/7
  4340 | D:7      | Reached skill level 8 in Maces & Flails
  4645 | D:7      | Found an opulent altar of Gozag.
  4739 | D:7      | Reached skill level 9 in Maces & Flails
  5006 | D:7      | Reached XP level 9. HP: 75/78 MP: 8/8
  5139 | D:7      | Noticed Duvessa
  5140 | D:7      | Noticed Dowan
  5147 | D:7      | Killed Dowan
  5150 | D:7      | Killed Duvessa
  5514 | D:8      | Reached ** piety under the Shining One
  5563 | D:7      | Reached skill level 10 in Armour
  5706 | D:8      | Found a staircase to the Lair.
  5714 | D:8      | Reached skill level 10 in Maces & Flails
  6136 | D:8      | Noticed Aelig's ghost (novice DgTm)
  6161 | D:8      | Killed Aelig's ghost
  6161 | D:8      | Reached skill level 11 in Maces & Flails
  6439 | D:9      | Reached XP level 10. HP: 79/86 MP: 9/9
  6986 | D:9      | Identified a scroll of acquirement
  6992 | D:9      | Noticed a deep elf mage
  6996 | D:9      | Noticed a deep elf mage
  7037 | D:10     | Entered Level 10 of the Dungeon
  7057 | D:10     | Found Mackiug's General Store.
  7073 | D:10     | Got a twisted great mace
  7074 | D:10     | Identified the +5 great mace of Exquisite Torment {elec, rElec} (You acquired it on level 10 of the Dungeon)
  7183 | D:10     | Reached skill level 12 in Maces & Flails
  7439 | D:10     | Reached *** piety under the Shining One
  7665 | D:10     | Reached skill level 13 in Maces & Flails
  8300 | D:11     | Noticed a brown ugly thing
  8313 | D:11     | Killed a brown ugly thing
  8613 | D:11     | Noticed a cyclops
  8652 | D:11     | Mangled by a cyclops

Skill      XL: |  1  2  3  4  5  6  7  8  9 10 |
---------------+-------------------------------+-----
Shields        | 4 |  4.2
Armour         | 4 5 7 9 10 11 | 11.8
Fighting       | 4 5 6 7 8 |  8.8
Maces & Flails | 3 4 5 6 7 9 11 13 | 13.4
Dodging        | 1 2 3 |  3.4
Staves         | |  0.2
Evocations     | |  0.5

Action                   |  1- 3 |  4- 6 |  7- 9 | 10-12 || total
-------------------------+-------+-------+-------+-------++-------
Melee: Flail             |    99 |   165 |   383 |    93 ||   740
       Headbutt          |    20 |    28 |    66 |    24 ||   138
       Great mace        |       |       |       |    85 ||    85
       Lajatang          |       |       |       |     2 ||     2
Evoke: Wand              |       |       |     1 |     1 ||     2
  Use: Potion            |       |     9 |     7 |     2 ||    18
       Scroll            |       |     6 |     2 |     8 ||    16
  Eat: Chunk             |     1 |       |       |       ||     1
       Bread ration      |       |     2 |     2 |       ||     4
       Pizza             |       |       |     3 |     3 ||     6
Armor: Scale mail        |    61 |    10 |       |       ||    71
       Plate armour      |       |    64 |   185 |   112 ||   361
Dodge: Dodged            |    33 |    32 |   103 |    72 ||   240
Block: Shield            |    68 |    58 |       |       ||   126
       Buckler           |       |    15 |    99 |    27 ||   141
       Reflection        |       |       |     2 |       ||     2
